 Dungeon Crawl Stone Soup version 0.29-a0-352-g0917bc69df (webtiles) character file.

Game seed: 17790038178510054231

1587 zishaf the Digger (level 8, -8/56 HPs)
             Began as an Octopode Earth Elementalist on Apr 24, 2022.
             Was a Believer of Elyvilon.
             Mangled by an orc
             ... wielding a +5 flail
              (13 damage)
             ... on level 6 of the Dungeon.
             The game lasted 00:12:24 (9594 turns).

zishaf the Digger (Octopode Earth Elementalist)     Turns: 9594, Time: 00:12:25

Health: -8/56      AC:  2    Str:  7    XL:     8   Next: 92%
Magic:  2/12       EV: 13    Int: 20    God:    Elyvilon [**....]
Gold:   184        SH:  0    Dex: 12    Spells: 5/13 levels left

rFire   . . .      SeeInvis +   h - staff of earth
rCold   . . .      Faith    .   (no shield)
rNeg    . . .      Spirit   .   x - +1 hat of Indemnity {Will+ rCorr}
rPois   +          Reflect  .   (no amulet)
rElec   .          Harm     .   f - ring of poison resistance
rCorr   +          Rampage  .   l - ring of see invisible
Will    ++...                   w - +4 ring of slaying
Stlth   +++.......              z - ring of willpower
HPRegen 0.18/turn               (no ring)
MPRegen 0.13/turn               (no ring)
                                (no ring)
                                (no ring)

@: no status effects
A: almost no armour, amphibious, 8 rings, camouflage 1, gelatinous body 1,
(nimble swimmer 1), tentacles
a: Renounce Religion, Purification, Heal Other


You were on level 6 of the Dungeon.
You worshipped Elyvilon.
Elyvilon was pleased with you.
You visited 2 branches of the dungeon, and saw 7 of its levels.
You also visited: Sewer.

You collected 184 gold pieces.

Inventory:

Hand Weapons
 a - a +1 hunting sling
 b - a +0 dagger
Missiles
 u - 110 stones
Armour
 x - the +1 hat of Indemnity (worn) {Will+ rCorr}
   (You acquired it on level 5 of the Dungeon)

   rCorr:     It protects you from acid and corrosion.
   Will:      It increases your willpower.
Magical Staves
 h - a staff of earth (weapon)
Jewellery
 f - a ring of poison resistance (left tentacle)
 l - a ring of see invisible (right tentacle)
 w - a +4 ring of slaying (on tentacle)
 z - a ring of willpower (on tentacle)
Wands
 s - a wand of flame (6)
Scrolls
 g - a scroll of holy word {unknown}
 i - 3 scrolls of identify
 m - a scroll of vulnerability {unknown}
 q - 2 scrolls of blinking
 y - a scroll of enchant armour {unknown}
 A - a scroll of torment {unknown}
 B - a scroll of summoning {unknown}
 D - 4 scrolls of teleportation
 F - a scroll of amnesia {unknown}
Potions
 c - 4 potions of curing
 d - a potion of haste
 e - 5 potions of heal wounds {unknown}
 j - a potion of resistance {unknown}
 k - a potion of cancellation {unknown}
 n - a potion of ambrosia {unknown}
 o - 4 potions of magic
 p - 3 potions of lignification {unknown}
 r - 3 potions of attraction {unknown}
 t - a potion of berserk rage {unknown}
 v - a potion of flight {unknown}
 C - 3 potions of might
 E - a potion of invisibility {unknown}


   Skills:
 + Level 5.4 Fighting
 - Level 2.0 Dodging
 - Level 3.0 Stealth
 - Level 3.0 Spellcasting
 - Level 4.0 Conjurations
 + Level 3.2 Translocations
 - Level 1.0 Transmutations
 + Level 6.3 Earth Magic
 + Level 4.4 Invocations


You had 5 spell levels left.
You knew the following spells:

 Your Spells              Type           Power      Damage    Failure   Level
a - Sandblast             Erth           84%        2d18      1%          1
b - Stone Arrow           Conj/Erth      70%        3d11      4%          3
c - Passage of Golubria   Tloc           16%        N/A       36%         4

Your spell library contained the following spells:

 Spells                   Type           Power      Damage    Failure   Level
 Passwall                 Tmut/Erth      21%        N/A       4%          2
 Gell's Gravitas          Tloc           16%        N/A       11%         3
 Lesser Beckoning         Tloc           16%        N/A       11%         3
 Teleport Other           Tloc           16%        N/A       11%         3
 Petrify                  Tmut/Erth      26%        N/A       30%         4
 Tukima's Dance           Hex            3%         N/A       38%         3
 Yara's Violent Unravell  Hex/Tmut       2%         3d3       97%         5


Dungeon Overview and Level Annotations

Branches:
Dungeon (6/15)             Temple (1/1) D:4           Sewer (visited)

Altars:
Ashenzari
Cheibriados
Dithmenos
Elyvilon
Fedhas
Gozag
Hepliaklqana
Kikubaaqudgha
Makhleb
Nemelex Xobeh
Okawaru
Qazlal
Sif Muna
Trog
Uskayaw
Vehumet
Wu Jian
Xom
Yredelemnul
The Shining One


Innate Abilities, Weirdness & Mutations

You cannot wear most types of armour.
You are amphibious.
You can wear up to eight rings at the same time.
Your skin changes colour to match your surroundings (Stealth+).
Your rubbery body absorbs attacks. (AC +1, EV +1)
((You are camouflaged when in or above water. (Stealth+)))
You have tentacles for arms and can constrict up to eight enemies at once.


Message History

You feel a surge of power!
The stone arrow hits the gnoll!!
You kill the gnoll!
The gnoll hits you with a +3 spear. The gnoll barely misses you.
An orc comes into view. It is wielding a +0 falchion.
The orc shouts!
You hear a shout! x2
The gnoll hits you from afar with a +3 spear!
An orc wizard comes into view. It is wielding a +2 dagger of speed.
An orc comes into view. It is wielding a +5 flail.
The orc hits you with a +0 falchion.
You hit the orc. You grab the orc.
The orc is heavily wounded.
You constrict the orc. The gnoll barely misses you.
The orc hits you with a +0 falchion.
You hit the orc but do no damage. You squeeze the orc.
You kill the orc!
An orc comes into view. It is wielding a +2 trident of venom.
The gnoll hits you from afar with a +3 spear!
You miss the orc wizard. Your grab misses the orc wizard.
The orc hits you from afar with a +2 trident of venom.
The gnoll hits you from afar with a +3 spear!
The orc wizard hits you with a +2 dagger of speed.
* * * LOW HITPOINT WARNING * * *
You hit the orc wizard. You grab the orc wizard. You squeeze the orc wizard!
The orc wizard is severely wounded.
You constrict the orc wizard.
The orc wizard hits you with a +2 dagger of speed.
* * * LOW HITPOINT WARNING * * *
The orc barely misses you.
The gnoll hits you from afar with a +3 spear!
* * * LOW HITPOINT WARNING * * *
The orc wizard casts a spell at you. You resist with almost no effort.
You hit the orc wizard.
You kill the orc wizard!
The orc misses you.
The gnoll hits you from afar with a +3 spear.
Elyvilon protects you from harm! The orc hits you with a +5 flail!
You die...

##.###..# #.# ......
#...###.###.######......
..#.# #.....##.....>....
###.# #####.............
#.# #<#........# #.#
#.##....##.# ## #.#
#.##...o.#.## .# #.#
#.####o#.#..###.##### #.##
####.# #@#[##..........
#.g###....# #.#..>......#
# ##.#...####
##g######.<#.# # #.##...#
#.s# ##...# #
#......#####.#########...#
####.####......)...s..#
.#.# .....#
#####...#####.........
...#.# #.######## #....##
.#.### ###......... ....#


You could see a scorpion, a gnoll and 2 orcs.

Vanquished Creatures
  An ice beast (D:5)
  4 ogres
  A centaur (D:6)
  A kobold brigand (Sewer)
  Blork the orc (D:5)
  A necrophage (D:4)
  A wight (D:6)
  2 jellies
  2 orc priests (D:5)
  7 hounds
  Natasha (thrice) (D:2)
  2 iguanas (D:5)
  An orc wizard (D:6)
  Robin (D:2)
  7 gnolls
  4 river rats (Sewer)
  9 adders
  A shadow imp (D:3)
  10 worms
  A dart slug (D:3)
  12 orcs
  8 ball pythons
  8 endoplasms
  16 giant cockroaches
  17 goblins
  10 hobgoblins
  8 jackals
  10 kobolds
  5 quokkas
  4 bats
  A frilled lizard (D:2)
  13 rats
172 creatures vanquished.

Notes
Turn   | Place    | Note
-------+----------+-------------------------------------------
     0 | D:1      | zishaf the Octopode Earth Elementalist began the quest for
                  | the Orb.
     0 | D:1      | Reached XP level 1. HP: 11/11 MP: 3/3
   171 | D:1      | Reached XP level 2. HP: 18/18 MP: 0/5
   257 | D:1      | Reached skill level 1 in Fighting
   266 | D:1      | Found a faded altar of an unknown god.
   686 | D:1      | Reached XP level 3. HP: 8/23 MP: 4/6
  1216 | D:2      | Learned a level 3 spell: Stone Arrow
  1773 | D:2      | Noticed Robin
  1788 | D:2      | Reached XP level 4. HP: 4/29 MP: 2/7
  2318 | D:2      | Reached skill level 1 in Conjurations
  2446 | D:2      | Reached skill level 4 in Earth Magic
  2570 | D:2      | Killed Robin
  2847 | D:2      | Noticed Natasha
  2852 | D:2      | Killed Natasha
  2853 | D:2      | Reached XP level 5. HP: 32/35 MP: 8/8
  3039 | D:2      | Noticed Natasha
  3050 | D:2      | Killed Natasha
  3341 | D:2      | Noticed Natasha
  3345 | D:2      | Killed Natasha
  4271 | D:3      | Reached XP level 6. HP: 34/42 MP: 9/9
  4770 | D:4      | Identified a scroll of acquirement
  4770 | D:4      | Acquired a staff of earth
  4827 | D:4      | Found a staircase to the Ecumenical Temple.
  4836 | Temple   | Entered the Ecumenical Temple
  5206 | Temple   | Became a worshipper of Elyvilon the Healer
  5553 | D:4      | Reached skill level 1 in Invocations
  5841 | D:4      | Reached skill level 5 in Earth Magic
  6024 | D:4      | Reached XP level 7. HP: 46/47 MP: 7/10
  6229 | D:4      | Identified the +1 leather armour "Puhakosch" {*Slow Str+6
                  | SInv}
  6466 | D:4      | Reached * piety under Elyvilon
  6906 | D:5      | Entered Level 5 of the Dungeon
  6926 | D:5      | Learned a level 4 spell: Passage of Golubria
  7296 | D:5      | Reached ** piety under Elyvilon
  7386 | D:5      | Reached skill level 1 in Translocations
  7387 | D:5      | Acquired the +1 hat of Indemnity {Will+ rCorr}
  7521 | D:5      | Reached XP level 8. HP: 54/54 MP: 1/11
  7705 | D:5      | Found a snail-covered altar of Cheibriados.
  7705 | D:5      | Found a shimmering blue altar of Sif Muna.
  7749 | D:5      | Noticed Blork the orc
  7759 | D:5      | Killed Blork the orc
  8574 | D:5      | Reached skill level 5 in Fighting
  8574 | D:5      | Reached skill level 6 in Earth Magic
  8709 | D:6      | Found a glowing drain.
  8716 | Sewer    | Entered a sewer
  9594 | D:6      | Elyvilon protects you from harm!
  9594 | D:6      | Mangled by an orc

Illustrated notes

Levels and vault maps discovered:
D:1:      matt_arrival_grand_opening, layout_basic,
          ebering_ecumenical_altar_sacrificial, minivault_23
D:2:      layout_basic, st_stairs_2, grunt_ministairs_4, nicolae_wormholes,
          uniq_natasha, uniq_robin
D:3:      minmay_roachtagon, layout_rooms, wad_orctagon
D:4:      layout_layer_cave, minmay_temple_entry_large_hall,
          kennysheep_generic_room_3
D:5:      layout_basic, gammafunk_temple_overflow_pools, uniq_blork_the_orc
D:6:      layout_rooms, gup_sewer_entry_bubbles, gammafunk_ghost_smash
Temple:   dpeg_five_rooms_temple

Skill      XL: |  1  2  3  4  5  6  7  8 |
---------------+-------------------------+-----
Stealth        | 3 |  3.0
Fighting       | 1 2 3 4 5 |  5.4
Conjurations   | 1 2 3 4 |  4.0
Earth Magic    | 4 5 6 |  6.3
Invocations    | 1 3 4 |  4.4
Translocations | 1 3 |  3.2
Spellcasting   | 3 |  3.0
Dodging        | |  2.0
Transmutations | |  1.0

Action                   |  1- 3 |  4- 6 |  7- 9 || total
-------------------------+-------+-------+-------++-------
Melee: Unarmed           |    70 |    14 |       ||    84
       Tentacles         |    17 |    28 |     4 ||    49
       Constrict         |    16 |    30 |     4 ||    50
       Punch             |     2 |     3 |       ||     5
       Dagger            |       |   115 |       ||   115
       Staff             |       |    10 |    21 ||    31
 Fire: Hunting sling     |       |     9 |       ||     9
 Cast: Sandblast         |    31 |    13 |    18 ||    62
       Stone Arrow       |     1 |    18 |    61 ||    80
  Use: Scroll            |       |     8 |     1 ||     9
 Stab: Sleeping          |     7 |    15 |       ||    22
Armor: Skin              |     9 |     9 |     1 ||    19
Dodge: Dodged            |    53 |    89 |    24 ||   166

Table legend: (Time is in decaauts)
 A = Elapsed time spent in this place.
 B = Non-inter-level travel time spent in this place.
 C = Inter-level travel time spent in this place.
 D = Time resting spent in this place.
 E = Time spent auto-exploring this place.
 F = Levels seen in this place.
 G = Mean time per level.
                   A        B        C        D        E       F      G
               +--------+--------+--------+--------+--------+-----+--------+
         Total |   9603 |   9202 |    401 |    438 |   7332 |   8 | 1200.4 |
       Dungeon |   8495 |   8281 |    214 |    438 |   6502 |   6 | 1415.8 |
        Temple |    421 |    234 |    187 |      0 |    223 |   1 |  421.0 |
         Sewer |    686 |    686 |      0 |      0 |    607 |   1 |  686.0 |
               +--------+--------+--------+--------+--------+-----+--------+

Top non-repeatable levels by time:
     D:2: 2046 daAuts
     D:5: 1656 daAuts
     D:4: 1640 daAuts
     D:1: 1496 daAuts
     D:3: 1306 daAuts
   Sewer: 686 daAuts
  Temple: 421 daAuts
     D:6: 348 daAuts
